 Dungeon Crawl Stone Soup version 0.19.5 (webtiles) character file.

34 tidbits the Skirmisher (level 3, -8/26 HPs)
             Began as a High Elf Wanderer on Oct 29, 2017.
             Killed by divine providence
             ... invoked by an orc priest
              (14 damage)
             ... on level 3 of the Dungeon.
             The game lasted 00:04:19 (495 turns).

tidbits the Skirmisher (High Elf Wanderer)           Turns: 495, Time: 00:04:20

Health: -8/26      AC:  5    Str: 16    XL:     3   Next: 14%
Magic:  4/4        EV: 16    Int: 17    God:
Gold:   56         SH:  0    Dex: 19    Spells: 0 memorised, 2 levels left

rFire  + . .     SeeInvis .     a - +0 flail
rCold  + . .     Gourm    .     B - +0 ring mail
rNeg   . . .     Faith    .     (no shield)
rPois  +         Spirit   .     (no helmet)
rElec  +         Reflect  .     (no cloak)
rCorr  +         Harm     .     (no gloves)
MR     .....                    (no boots)
Stlth  ++........               (no amulet)
                                (no ring)
                                L - ring of flight

@: mighty, agile, resistant
A: no striking features
a: Evoke Flight


You were on level 3 of the Dungeon.
You were not hungry.

You visited 1 branch of the dungeon, and saw 3 of its levels.

You collected 56 gold pieces.

Inventory:

Hand Weapons
 a - a +0 flail (weapon)
   (You found it on level 3 of the Dungeon)
 f - a +0 short sword
   (You took it off a kobold on level 1 of the Dungeon)
 n - a +0 mace
Missiles
 e - a throwing net {!f}
 g - 17 arrows
 k - 22 stones (quivered)
 m - 16 bolts
Armour
 B - a +0 ring mail (worn)
Jewellery
 L - a ring of flight (left hand)
   (You found it on level 1 of the Dungeon)
Scrolls
 h - a scroll of remove curse {unknown}
 o - a scroll of noise {unknown}
Miscellaneous
 c - a phial of floods (inert)
Comestibles
 d - a bread ration
 i - a meat ration


   Skills:
 + Level 3.0 Fighting
   Level 1.0(1.8) Axes
 - Level 2.4(2.5) Maces & Flails
 - Level 1.0 Throwing
 - Level 1.7 Armour
 + Level 1.9 Dodging
 - Level 1.0 Evocations


You had 2 spell levels left.
You didn't know any spells.

Dungeon Overview and Level Annotations

Branches:
Dungeon (3/15)

Altars:
Gozag
Nemelex Xobeh


Message History

You swing at nothing.
You swing at nothing.
You swing at nothing.
You swing at nothing.
You swing at nothing.
You swing at nothing.
You swing at nothing.
You swing at nothing.
You swing at nothing.
Wield which item (- for none, * to show all)? (? for menu, Esc to quit)
a - a +0 mace (weapon)
You see here a spear.
You see here a spear.
Found 6 gold pieces.
You see here 6 gold pieces.
You now have 32 gold pieces (gained 6).
Found a stone staircase leading down.
There is a stone staircase leading down here.
You climb downwards.
Found a murky ruby potion.
There is a stone staircase leading up here.
You see here a murky ruby potion.
l - a murky ruby potion You hit the rat.
You kill the rat!
Your Fighting skill increases to level 3!
You see here a rat corpse.
There is a stone staircase leading up here.
You see here 8 gold pieces.
You now have 40 gold pieces (gained 8).
You see here 16 bolts.
m - 16 bolts You see here a flail.
n - a flail Wield which item (- for none, * to show all)? (? for menu, Esc to quit)
n - a +0 flail (weapon)
Adjust (i)tems, (s)pells, or (a)bilities?
Adjust which item? (? for menu, Esc to quit)
n - a +0 flail (weapon)
Adjust to which letter? (? for menu, Esc to quit)
a - a +0 flail (weapon);
n - a +0 mace
Found a scroll labeled ASMYNA YNET.
You see here a scroll labeled ASMYNA YNET.
o - a scroll labeled ASMYNA YNET
Found 16 gold pieces.
You see here 16 gold pieces.
You now have 56 gold pieces (gained 16).
Found a whip.
A bat comes into view.
The bat hits you.
You closely miss the bat. The bat closely misses you.
The bat barely misses you. x2
You hit the bat.
You kill the bat!
You open the door.
A goblin, an orc and an orc priest come into view.
The orc priest shouts!
The goblin shouts!
You hear a shout!
Found 11 gold pieces and a scroll labeled JUBEWNU IFOZ.
Found an opulent altar of Gozag and a sparkling altar of Nemelex Xobeh.
An orc comes into view.
The goblin closely misses you. The goblin barely misses you.
You barely miss the goblin. The goblin hits you but does no damage.
You closely miss the goblin. The goblin hits you but does no damage.
You sock the goblin!
You kill the goblin!
You hit the orc.
The orc is lightly wounded.
The orc hits you with a hand axe.
You hit the orc but do no damage.
The orc is lightly wounded.
The orc closely misses you. The orc barely misses you.
You hit the orc but do no damage.
The orc is lightly wounded.
The orc completely misses you.
You hit the orc but do no damage.
The orc is lightly wounded.
The orc barely misses you.
The orc priest mumbles some strange prayers to Beogh against you.
Beogh smites you!
* * * LOW HITPOINT WARNING * * *
It was a potion of agility.
You feel agile all of a sudden. The orc closely misses you.
It was a potion of resistance.
You feel protected. The orc closely misses you.
You feel very mighty all of a sudden.
The orc priest calls upon Beogh to heal the orc.
The orc's wounds heal themselves!
The orc completely misses you.
You thump the orc!
You kill the orc!
You closely miss the orc priest. The orc priest misses you.
You closely miss the orc priest. The orc priest hits you with a flail.
* * * LOW HITPOINT WARNING * * *
You closely miss the orc priest.
The orc priest invokes the aid of Beogh against you.
Beogh smites you!
Ouch! That really hurt!
You die...

#.# ### #.# ..#
#.# .⌠.. #.####
..... #...o#.o._o.
##### #.##.'o8o..8
#.... #o####..._..
##### #o# .....
##### #@# ##
.⌠..##.... #.# #.#
$?##..#.# #.#
#.##########.# #.#
#.##.# #.....
#.###.##.# #.##.#
#.##...#.####.##.#
#..†..............
####<....###......
##.#..####.##..


You could see an orc priest and an orc.

Vanquished Creatures
  A dart slug (D:3)
  An orc (D:3)
  A ball python (D:1)
  2 giant cockroaches (D:1)
  A goblin (D:3)
  A hobgoblin (D:3)
  4 jackals (D:2)
  A kobold (D:1)
  A bat (D:3)
  A rat (D:3)
14 creatures vanquished.

Vanquished Creatures (collateral kills)
  Ijyb (D:2)
  A giant cockroach (D:2)
  A goblin (D:2)
3 creatures vanquished.

Grand Total: 17 creatures vanquished

Notes
Turn   | Place    | Note
-------+----------+-------------------------------------------
     0 | D:1      | tidbits the High Elf Wanderer began the quest for the Orb.
     0 | D:1      | tidbits set off with: a phial of floods, a +0 ring mail, a +0 mace, a bread ration
     0 | D:1      | Reached XP level 1. HP: 14/14 MP: 2/2
   126 | D:2      | Reached skill level 1 in Dodging
   129 | D:2      | Reached XP level 2. HP: 9/20 MP: 3/3
   146 | D:2      | Noticed Ijyb
   154 | D:2      | Killed Ijyb
   268 | D:3      | Reached XP level 3. HP: 4/25 MP: 4/4
   386 | D:3      | Reached skill level 3 in Fighting
   473 | D:3      | Found an opulent altar of Gozag.
   473 | D:3      | Found a sparkling altar of Nemelex Xobeh.
   495 | D:3      | Killed from afar by an orc priest

Skill      XL: |  1  2  3 |
---------------+----------+-----
Dodging        | 1 |  1.9
Fighting       | 3 |  3.0
Axes           | |  1.0
Maces & Flails | |  2.4
Throwing       | |  1.0
Armour         | |  1.7
Evocations     | |  1.0

Action                   || total
-------------------------++-------
Melee: Mace              ||    66
       Flail             ||    13
Evoke: Phial of floods   ||     1
  Use: Potion            ||     3
Armor: Ring mail         ||    36
Dodge: Dodged            ||    53

Table legend:
 A = Turns spent in this place as a percentage of turns spent in the entire game.
 B = Non-inter-level travel turns spent in this place as a percentage of non-inter-level travel turns spent in the entire game.
 C = Inter-level travel turns spent in this place as a percentage of turns spent in this place.
 D = Turns resting spent in this place as a percentage of non-inter-level travel turns spent in this place.
 E = Turns spent auto-exploring this place as a percentage of non-inter-level travel turns spent in this place.
 F = Non-inter-level travel turns spent in this place divided by the number of levels of this place that you've seen.
                   A       B       C       D       E      F
               +-------+-------+-------+-------+-------+----------------------
         Total | 100.0 | 100.0 |   0.0 |   0.4 |   0.0 | 155.7
       Dungeon | 100.0 | 100.0 |   0.0 |   0.4 |   0.0 | 155.7
               +-------+-------+-------+-------+-------+----------------------

Table legend:
 A = Kills in this place as a percentage of kills in entire the game.
 B = Kills by you in this place as a percentage of kills by you in the entire game.
 C = Kills by friends in this place as a percentage of kills by friends in the entire game.
 D = Other kills in this place as a percentage of other kills in the entire game.
 E = Experience gained in this place as a percentage of experience gained in the entire game.
 F = Experience gained in this place divided by the number of levels of this place that you have seen.
                   A       B       C       D       E      F
               +-------+-------+-------+-------+-------+----------------------
         Total | 100.0 | 100.0 | 100.0 |  -nan | 100.0 |  16.3
       Dungeon | 100.0 | 100.0 | 100.0 |  -nan | 100.0 |  16.3
               +-------+-------+-------+-------+-------+----------------------

Vault maps used:
D:1:      lemuel_arrival_funnel
D:2:      uniq_iyjb
D:3:      grunt_temple_overflow_opulence, chequers_temple_overflow_minitemple,
          first_bread
